Cogmind - Beta 9.4 @@@ ROGUE MODE // 2020.03.22 @ 08:42:43 Player: Adraius Result: Destroyed by Y-45 Defender with Beam Rifle Performance ------------- Evolutions (1) 500 Regions Visited (3) 600 Robots Destroyed (9) 45 Value Destroyed (278) 278 Prototype IDs (3) 60 Alien Tech Used (0) 0 Bonus (0) 0 TOTAL SCORE: 1483 Bonus ------- None Cogmind --------- Core Integrity 0/400 Matter 247/300 Energy 99/100 System Corruption 0% Temperature Cool (9) Movement Core (50) Location -9/Storage Parts ------- > --- POWER (1) -------- (None) > --- PROPULSION (2) --- (None) > --- UTILITY (4) ------ (None) > --- WEAPON (2) ------- (None) > --- INVENTORY (4) ---- Ion Engine Grenade Launcher Peak State ------------ > --- POWER ------------ Ion Engine > --- PROPULSION ------- Aluminum Leg Aluminum Leg > --- UTILITY ---------- Small Storage Unit > --- WEAPON ----------- Small Laser Light Assault Rifle > --- INVENTORY -------- Ion Engine Grenade Launcher [Rating: 6] Favorites ----------- Power Ion Engine Engine Ion Engine Propulsion Aluminum Leg Leg Aluminum Leg Utility Small Storage Unit Device Heat Sink Storage Small Storage Unit Weapon Light Assault Rifle Energy Gun Medium Laser Ballistic Gun Light Assault Rifle Special Weapon Mining Laser Build | -11 -10 -9 -9 ------- Run | Scr Mat Mat Sto Slots Evolved 2 | . . 2 . Power . | . . . . Propulsion . | . . . . Utility 2 | . . 2 . Weapon . | . . . . Parts Attached 14 | 4 6 2 2 Power 2 | 1 1 . . Engine 2 | 1 1 . . Core . | . . . . Reactor . | . . . . Propulsion 2 | 2 . . . Treads . | . . . . Leg 2 | 2 . . . Wheel . | . . . . Hover . | . . . . Flight . | . . . . Utility 2 | . 1 1 . Device 1 | . . 1 . Storage 1 | . 1 . . Processor . | . . . . Hackware . | . . . . Protection . | . . . . Artifact . | . . . . Weapon 8 | 1 4 1 2 Energy Gun 3 | 1 2 . . Energy Cannon . | . . . . Ballistic Gun 4 | . 1 1 2 Ballistic Cannon . | . . . . Launcher . | . . . . Special Weapon 1 | . 1 . . Impact Weapon . | . . . . Slashing Weapon . | . . . . Piercing Weapon . | . . . . Special Melee Weapon . | . . . . Unidentified Prototypes . | . . . . Parts Lost 9 | . 3 3 3 Power 1 | . 1 . . Propulsion 2 | . . 2 . Utility 1 | . . . 1 Weapon 5 | . 2 1 2 Highest Loss Streak 3 | . 3 3 2 Average Slot Usage (%) 64 | . 73 59 47 Engine 12 | . 14 11 9 Leg 18 | . 28 13 . Device 2 | . . 2 9 Storage 8 | . 6 11 9 Energy Gun 7 | . 13 . . Ballistic Gun 11 | . 6 15 19 Special Weapon 3 | . 3 6 . Naked Turns 15 | . . . 15 Heaviest Build 12 | 7 11 12 12 Greatest Support 20 | 20 20 20 3 Greatest Overweight (x) 3 | . . 3 3 Average Overweight (x) . | . . 1 1 Largest Inventory Capacity 6 | 4 6 6 6 Average Capacity 5 | 4 4 6 5 Most Carried 6 | 4 6 6 4 Average Carried 3 | 2 3 4 3 Final Capacity 6 | 4 6 6 4 Final Carried 6 | 4 6 4 2 Class Distribution -------------------- 100% | Mutant Dominant Class ---------------- Mutant | -10/Materials Mutant | -9/Materials Mutant | -9/Storage Resources | -11 -10 -9 -9 ----------- Run | Scr Mat Mat Sto Matter Collected 305 | 223 32 50 . Remotely . | . . . . Salvage Created 290 | . 48 50 192 Parts 11 | . . 1 10 Haulers Intercepted . | . . . . Recyclers Shooed 1 | . . . 1 Parts Field Recycled . | . . . . Retrieved Matter . | . . . . Parts Self-Destructed . | . . . . Prevented . | . . . . Kills | -11 -10 -9 -9 ------- Run | Scr Mat Mat Sto Combat Hostiles Destroyed 9 | . 3 2 4 Guns 9 | . 3 2 4 Classes Destroyed 3 | . 1 1 1 Swarmer 3 | . 3 . . Grunt 2 | . . . 2 Sentry 4 | . . 2 2 Best Kill Streak 3 | . 3 2 3 Combat Bots Only 3 | . 3 2 3 Max Kills in Single Turn 1 | . 1 1 1 Gunslinging . | . . . . Exploded . | . . . . Melee . | . . . . Uniques/NPCs Destroyed . | . . . . Combat | -11 -10 -9 -9 -------- Run | Scr Mat Mat Sto Damage Taken 1307 | . 363 472 472 Core 471 | . 70 189 212 Absorbed by Shields . | . . . . Core Remaining (%) 86 | 100 72 . . Volleys Fired 70 | . 36 12 22 Largest 2 | . 2 2 2 Hottest 120 | . 100 120 40 Shots Fired 112 | . 44 24 44 Gun 90 | . 27 19 44 Cannon . | . . . . Launcher . | . . . . Special 22 | . 17 5 . Kinetic 63 | . . 19 44 Thermal 49 | . 44 5 . Explosive . | . . . . Electromagnetic . | . . . . Robot Hit Streak 18 | . 2 8 18 Robot Miss Streak 4 | . 4 3 3 Penetration Max . | . . . . Secondary Targets 1 | . . 1 . Max Gunslinging Chain 1 | . . 1 . Shots Hit Robots 63 | . 12 19 32 Core Hits 21 | . 3 6 12 Critical Hits . | . . . . Critical Kills . | . . . . Critical Parts Destroyed . | . . . . Melee Attacks . | . . . . Impact . | . . . . Slashing . | . . . . Piercing . | . . . . Sneak Attacks . | . . . . Combat Hostiles . | . . . . Follow-up Attacks . | . . . . Damage Inflicted 598 | . 132 229 237 Guns 502 | . 132 133 237 Cannons . | . . . . Explosions . | . . . . Melee . | . . . . Ramming . | . . . . Kinetic 370 | . . 133 237 Thermal 228 | . 132 96 . Explosive . | . . . . Electromagnetic . | . . . . Impact . | . . . . Slashing . | . . . . Piercing . | . . . . Highest Corruption . | . . . . Average Corruption . | . . . . Corruption Purged . | . . . . Overload Shots . | . . . . Overflow Damage . | . . . . Projectiles . | . . . . Explosions . | . . . . Melee . | . . . . Knockbacks . | . . . . Impact . | . . . . Kinetic . | . . . . Secondary . | . . . . Self-Inflicted Damage . | . . . . Shots . | . . . . Rammed . | . . . . Targets Rammed . | . . . . Kicked . | . . . . Crushed . | . . . . Highest Temperature 274 | . 274 129 3 Average Temperature 80 | . 85 63 3 Received Heat Transfer 339 | . . 135 204 Siege Activations . | . . . . Robots Corrupted . | . . . . Combat Hostiles . | . . . . Parts Fried . | . . . . Impact Corruptions . | . . . . Robots Melted . | . . . . Combat Hostiles . | . . . . Parts Melted . | . . . . Heat Transferred 535 | . 335 200 . Parts Sabotaged . | . . . . Parts Stolen . | . . . . Parts Stripped . | . . . . Power Chain Reactions . | . . . . Missiles Intercepted . | . . . . Alert | -11 -10 -9 -9 ------- Run | Scr Mat Mat Sto Peak Influence 135 | . 70 89 135 Average Influence 48 | . 44 60 68 Maximum Alert Level . | . . . . Low Security (%) 100 | 100 100 100 100 Level 1 . | . . . . Level 2 . | . . . . Level 3 . | . . . . Level 4 . | . . . . Level 5 . | . . . . High Security . | . . . . Max Security . | . . . . Squads Dispatched 2 | . . . 2 Investigation 1 | . . . 1 Extermination . | . . . . Reinforcement 1 | . . . 1 Assault . | . . . . Garrison . | . . . . Intercept . | . . . . Construction Impeded . | . . . . Haulers Reinforced . | . . . . Stealth | -11 -10 -9 -9 --------- Run | Scr Mat Mat Sto Distress Signals 3 | . . . 3 Communications Jammed . | . . . . Distress Signals . | . . . . Times Spotted 23 | . 6 3 14 Peak Tracking Total 11 | . 3 3 11 Tactical Retreats 1 | . 1 . . Traps | -11 -10 -9 -9 ------- Run | Scr Mat Mat Sto Traps Triggered . | . . . . Indirectly . | . . . . Trap Hack Attempts . | . . . . Triggered . | . . . . Disarmed . | . . . . Reprogrammed . | . . . . Reused . | . . . . Traps Extracted . | . . . . Installed . | . . . . Triggered . | . . . . Machines | -11 -10 -9 -9 ---------- Run | Scr Mat Mat Sto Machines Disabled . | . . . . Max in Single Turn . | . . . . Machines Sabotaged . | . . . . Garrisons Compromised . | . . . . Overloaded Fab Kills . | . . . . Fab Network Shutdowns . | . . . . Hacking | -11 -10 -9 -9 --------- Run | Scr Mat Mat Sto Machines Accessed 6 | . 3 1 2 Terminals 5 | . 3 . 2 Fabricators . | . . . . Repair Stations . | . . . . Recycling Units . | . . . . Scanalyzers 1 | . . 1 . Garrison Access . | . . . . Total Hacks 17 | . 11 2 4 Successful 10 | . 6 2 2 Failed 7 | . 5 . 2 Catastrophic 1 | . 1 . . Database Lockouts . | . . . . Manual 6 | . 5 . 1 Terminals 15 | . 11 . 4 Fabricators . | . . . . Repair Stations . | . . . . Recycling Units . | . . . . Scanalyzers 2 | . . 2 . Garrison Access . | . . . . Terminal Hacks 8 | . 6 . 2 Record 1 | . 1 . . Prototype ID Bank 2 | . 2 . . Level Access Points 1 | . . . 1 Locate Traps 1 | . . . 1 Hauler Manifests 1 | . 1 . . Registered Components 2 | . 2 . . Fabricator Hacks . | . . . . Repair Station Hacks . | . . . . Recycling Unit Hacks . | . . . . Scanalyzer 2 | . . 2 . Insert Component 1 | . . 1 . Analyze 1 | . . 1 . Garrison Access Hacks . | . . . . Unauthorized Hacks . | . . . . Terminals . | . . . . Fabricators . | . . . . Repair Stations . | . . . . Recycling Units . | . . . . Scanalyzers . | . . . . Garrison Access . | . . . . Data Cores Recovered . | . . . . Used . | . . . . Hacking Detections 6 | . 3 1 2 Full Trace Events 1 | . . . 1 Feedback Events . | . . . . Feedback Blocked . | . . . . Robot Schematics Acquired . | . . . . Robots Built . | . . . . Matter . | . . . . Time . | . . . . Total Robot Build Rating . | . . . . Part Schematics Acquired 1 | . . 1 . Parts Built . | . . . . Matter . | . . . . Time . | . . . . Total Part Build Rating . | . . . . Parts Repaired . | . . . . Time . | . . . . Parts Recycled . | . . . . Recycled Matter . | . . . . Retrieved Matter . | . . . . Retrieved Components . | . . . . Parts Scanalyzed 1 | . . 1 . Part Schematics Acquired 1 | . . 1 . Parts Damaged . | . . . . Bothacking | -11 -10 -9 -9 ------------ Run | Scr Mat Mat Sto Used RIF Installer . | . . . . Robots Hacked . | . . . . Non-combat . | . . . . Combat . | . . . . Robot Hacks Applied . | . . . . Relay Couplers Released . | . . . . Robots Rewired . | . . . . Allies Hacked . | . . . . Hacks Repelled . | . . . . Allies | -11 -10 -9 -9 -------- Run | Scr Mat Mat Sto Total Allies . | . . . . Largest Group . | . . . . Highest-Rated Group . | . . . . Highest-Rated Ally . | . . . . Total Orders . | . . . . Ally Attacks . | . . . . Total Damage . | . . . . Kills . | . . . . Allies Corrupted . | . . . . Allies Melted . | . . . . Intel | -11 -10 -9 -9 ------- Run | Scr Mat Mat Sto Robot Analysis Total . | . . . . Derelict Logs Recovered . | . . . . Drone Launches . | . . . . Drone Recoveries . | . . . . Exploration | -11 -10 -9 -9 ------------- Run | Scr Mat Mat Sto Turns Passed 732 | 56 388 142 146 Spaces Moved 347 | 42 177 66 62 Core 90 | 6 . 22 62 Treads . | . . . . Legs 257 | 36 177 44 . Wheels . | . . . . Hover . | . . . . Flight . | . . . . Fastest Speed 50 | 50 120 120 50 Average Speed 124 | 110 120 146 125 Slowest Speed 200 | 120 120 200 200 Overloaded Moves . | . . . . Propulsion Burnouts . | . . . . Robots Hopped . | . . . . Cave-ins Triggered . | . . . . Exploration Rate (%) 16 | 4 38 10 15 Regions Visited 3 Branch Regions 1 Pre-discovered Areas . | . . . . Known Exits Taken . | . . . . Unknown Exits Taken 3 | 1 1 1 . Scrap Searched . | . . . . Spaces Dug 17 | . 17 . . Terrain Destroyed 18 | . 17 1 . Melee . | . . . . Projectile 18 | . 17 1 . AOE . | . . . . Actions | -11 -10 -9 -9 --------- Run | Scr Mat Mat Sto Total 500 | 50 273 82 95 Wait 61 | 1 49 2 9 Move 344 | 41 176 65 62 Hop . | . . . . Pick Up 10 | 4 6 . . Fast Attach 6 | 4 1 1 . Attach 7 | . 4 1 2 Detach . | . . . . Swap 1 | . 1 . . Drop 1 | . . 1 . Fire 70 | . 36 12 22 Melee . | . . . . Ram . | . . . . Kick . | . . . . Crush . | . . . . Escape Stasis . | . . . . Rewire . | . . . . Trap . | . . . . Miscellaneous . | . . . . Route ------- -11/Scrapyard -10/Materials (discovered 2 exits: *Mat / [*Min]) -9/Materials -9/Storage (discovered 1 exit: Mat) History --------- Turn | Location | Event 23 | -11/Scrapyard | Discovered new exit (range 14) 57 | -11/Scrapyard | Entered Materials 208 | -10/Materials | Lost 3 parts (1p2w) 301 | -10/Materials | Build established: Mutant 323 | -10/Materials | Discovered new exit (range 11) 439 | -10/Materials | Discovered new exit (range 6) 445 | -10/Materials | Entered another Materials area 445 | -9/Materials | Evolved 2 slots: Utility x2 501 | -9/Materials | Discovered new exit (range 13) 568 | -9/Materials | Lost 3 parts (2n1w) 587 | -9/Materials | Entered Storage 617 | -9/Storage | Identified exit to Materials 652 | -9/Storage | Core integrity fell below 50% 718 | -9/Storage | Core integrity fell below 20% 718 | -9/Storage | Released all parts (4) 733 | -9/Storage | Destroyed by Y-45 Defender with Beam Rifle Last Messages --------------- R-06 Scavenger collects Aluminum Leg. W-16 Scout sends out distress signal. G-34 Mercenary destroyed. Y-45 Defender destroyed. U-05 Engineer builds a Door. K-01 Serf collects debris. R-06 Scavenger collects Ion Engine. K-01 Serf collects debris. Lgt. Assault Rifle destroyed. K-01 Serf cleans the Transfer Shaft. Y-45 Defender destroyed. K-01 Serf collects debris. Heat Sink destroyed. R-06 Scavenger collects Heat Sink. K-01 Serf collects debris. Released Ion Engine. Released Sml. Storage Unit. Released Lgt. Assault Rifle. W-16 Scout sends out distress signal. [Achievement: Back For More] Map ----- +----------------------------------------------------+ | ?????????????????????????????????????????????????? | | ?????????????????????????????????????????????????? | | ?????????????????????????????????????????????????? | | ?????????????????????????????????????????????????? | | ?????????????????????????????????????????????????? | | ?????????????????????????????????????????????????? | | ?????????????????????????????????????????????????? | | ?????????????????????????????????????????????????? | | ?????????????????????????????????????????????????? | | ?????????????????????????????? ????????????????? | | ?????????????????????????????# ????????????????? | | ?????????????????????????????# ????????????????? | | ?????????????????????????????# ????????????????? | | ?????????????????????????????# ????????????????? | | ?????????????????????????????# ????????????????? | | ?????????????????????????????# ?^??????????????? | | ?????????????????????????????# #???????????????? | | ?????????????????????????????# #???????????????? | | ?????????????????????????????# #???????????????? | | ?????????????????????????????# ##########??????? | | ???????????????????########### # #??????? | | ??????????????????## """ """ # %+ """ ###????? | | ??????????????????# """ """ # # """ = ""#????? | | ???????????????????# """ """ # #["""%* T"#????? | | ???????????????????# uu +*%%=!*[ ""#????? | | ???????????????????# @ # #!"""![ ###????? | | ???????????????????# Y # # """ #??????? | | ???????????????????# # # """ #??????? | | ???????????????????# # # #??????? | | ?????????# ##########+######## ########/######## | | ?????????# ^^ | | ?????????+ ^^ | | ?????????# ^^ | | ?????????##+##+#########+###T#######+#######+##### | | ?????????????????????? ####????# T??# #???? | | ?????????????????????# T#??????##"###?# T#??? | | ?????????????????????##"""##?????????????#"""##??? | | ?????????????????????????????????????????????????? | | ?????????????????????????????????????????????????? | | ?????????????????????????????????????????????????? | | ?????????????????????????????????????????????????? | | ?????????????????????????????????????????????????? | | ?????????????????????????????????????????????????? | | | | | | | | | | | | | | | +----------------------------------------------------+ Best States ------------- Heat Dissipation 38 Energy Generation 10 Energy Capacity 250 Matter Stores 300 Matter Capacity 300 Sight Range 16 Terrain Scan Density 10 Evasion (%) 50 Item Schematics ----------------- Grenade Launcher | -9/Materials | Scanalyzed Robot Schematics ------------------ None Fabricated ------------ Nothing Alien Tech Used ----------------- None Achievements -------------- Back For More Challenges ------------ None Game ------ Seed AdvancedFactoryTreads Manual? 0 Play Time 00:20:47 Cumulative 10.7 hours Start 2020.03.21 @ 22:29:10 End 2020.03.22 @ 08:42:43 Sessions 4 Manual Loads 0 Difficulty Rogue Special Mode None Game No. 50 Rogue 50 Adventurer 0 Explorer 0 Win Type - Total 0 Types 0/0/0/0/0/0/0 Lore% 8 Gallery% 38 Achievement% 12 Wizard Run 0 Options --------- ASCII 0 Keyboard 0 Movement Mouse Keybinds 0 Fullscreen 1 Font 18/SmallcapsGlow Map View 76x50 Tactical HUD 0 Map Filters NONE Filters NONE Steam 1 RUN: b4a9abad-c101-4ad5-ad9e-289175a1f854